[Event "Live Chess"]
[Site "Chess.com"]
[Date "2023.05.21"]
[Round "-"]
[White "friarnator"]
[Black "zdanevych"]
[Result "1-0"]
[WhiteElo "2035"]
[BlackElo "1469"]
[TimeControl "300"]
[EndTime "8:56:08 PDT"]
[Termination "friarnator won by resignation"]

1. e4 c5 2. d4 cxd4 3. c3 dxc3 4. Nxc3 Nc6 5. Nf3 a6 6. Bc4 e5 7. O-O Nf6 8. Ng5 d5 9. exd5 Nd4 10. d6 Be6 11. Nxe6 Nxe6 12. Bxe6 fxe6 13. Bg5 Qxd6 14. Qb3 b5 15. Rad1 Qc6 16. Rfe1 Be7 17. Rxe5 O-O 18. Rxe6 Qb7 19. Rxe7+ 1-0

[Event "Live Chess"]
[Site "Chess.com"]
[Date "2023.05.21"]
[Round "-"]
[White "Dhaydon19"]
[Black "PiotrD11"]
[Result "1-0"]
[WhiteElo "2692"]
[BlackElo "1374"]
[TimeControl "300"]
[EndTime "8:56:08 PDT"]
[Termination "Dhaydon19 won by checkmate"]

1. d4 d5 2. Nf3 Nc6 3. g3 Bg4 4. Bg2 g6 5. c3 Bg7 6. Nbd2 e5 7. dxe5 Nxe5 8. Nxe5 Bxe5 9. Qa4+ c6 10. Qxg4 Nf6 11.
Qg5 O-O 12. Qxe5 Re8 13. Qd4 Qe7 14. O-O Qxe2 15. Qxf6 Re6 16. Qf4 Rae8 17. Nf3 Re4 18. Nd4 Qh5 19. Bxe4 Rxe4 20. Qf3 Qe5 21. Bf4 Qe8 22.
Bh6 c5 23. Qf6 Qe5 24. Qxe5 Rxe5 25. Rfe1 Rxe1+ 26. Rxe1 cxd4 27. Re8# 1-0

[Event "Live Chess"]
[Site "Chess.com"]
[Date "2023.05.21"]
[Round "-"]
[White "JohanKjeldahl"]
[Black "Ferrarifan27"]
[Result "0-1"]
[WhiteElo "1886"]
[BlackElo "2051"]
[TimeControl "300"]
[EndTime "8:56:24 PDT"]
[Termination "Ferrarifan27 won by resignation"]

1. c4 Nf6 2. Nc3 e5 3. Nf3 Nc6 4. e3 Bb4 5. Qc2 Bxc3 6. bxc3 O-O 7. d4 Re8 8. d5 Na5 9. e4 b6 10.
Be2 d6 11. O-O Ba6 12. Qa4 Nxe4 13. Bb2 Nc5 14. Qb4 Qd7 15. Rfe1 Qa4 16. a3 Bxc4 17.
Bxc4 Nxc4 0-1

[Event "Live Chess"]
[Site "Chess.com"]
[Date "2023.05.21"]
[Round "-"]
[White "yarek"]
[Black "LordBenin"]
[Result "1-0"]
[WhiteElo "1856"]
[BlackElo "1387"]
[TimeControl "300"]
[EndTime "8:56:25 PDT"]
[Termination "yarek won by resignation"]

1. e4 c6 2. d4 d5 3. exd5 cxd5 4. Bd3 Nf6 5. c3 Bg4 6. Nf3 h6 7. h3 Bxf3 8. Qxf3 e6 9. Bf4 Bd6 10. Bb5+ Nc6 11. O-O Bxf4 12. Qxf4 O-O 13. Nd2 a6 14. Bd3 Rc8 15. Nf3 b6 16. Bxa6 Rb8 17. Bd3 b5 18. a3 Na5 19. Ne5 Nc4 20. Rab1 Nd7 21. Rfe1 Ndxe5 22. dxe5 Qc7 23. Re2 Rbc8 24. Rbe1 Qc6 25. Qd4 Rb8 26.
f4 g6 27. g4 Kg7 28. f5 exf5 29. gxf5 Qd7 30. e6+ 1-0

[Event "Live Chess"]
[Site "Chess.com"]
[Date "2023.05.21"]
[Round "-"]
[White "Biranidun"]
[Black "SupremeTactician"]
[Result "1-0"]
[WhiteElo "2525"]
[BlackElo "2140"]
[TimeControl "300"]
[EndTime "8:56:25 PDT"]
[Termination "Biranidun won by resignation"]

1. e4 e5 2. Nf3 Nc6 3. Bc4 Bc5 4.
c3 Nf6 5. d3 O-O 6. O-O d5 7. exd5 Nxd5 8. Re1 Bg4 9. h3 Bh5 10.
Nbd2 Nb6 11. Bb5 a6 12. Bxc6 bxc6 13. Qc2 f6 14. Ne4 Be7 15. Nfd2 c5 16. Ng3 Bg6 17.
Nde4 f5 18. Nd2 c4 19. dxc4 Bh4 20. c5 Nd5 21. Rxe5 Bxg3 22. fxg3 f4 23. Qb3 c6 24. gxf4 Rxf4 25. Nf3 Qf6 26. Bxf4 Qxf4 27. Rxd5 Bf7 28.
Qb7 Re8 29. Re5 Rxe5 30. Qb8+ Re8 31. Qxf4 1-0

[Event "Live Chess"]
[Site "Chess.com"]
[Date "2023.05.21"]
[Round "-"]
[White "McSlash1"]
[Black "grillage"]
[Result "1/2-1/2"]
[WhiteElo "1973"]
[BlackElo "1795"]
[TimeControl "300"]
[EndTime "8:56:34 PDT"]
[Termination "Game drawn by repetition"]

1. e4 d5 2. exd5 Qxd5 3. Nc3 Qd8 4. d4 Nf6 5. Nf3 Bg4 6. Bc4 e6 7. h3 Bxf3 8. Qxf3 c6 9. Be3 Nbd7 10. O-O-O Bb4 11. Ne4 Nxe4 12. Qxe4 Nf6 13. Qf3 Nd5 14. Bd2 Bxd2+ 15. Rxd2 Qf6 16. Bxd5 cxd5 17. Qg3 O-O 18. Rd3 Qg6 19. Qf3 Rac8 20. Kb1 Rc6 21. Rc1 b5 22. b3 b4 23. Kb2 Rfc8 24. c3 bxc3+ 25. Rdxc3 Rxc3 26. Rxc3 Rxc3 27. Qxc3 h5 28. g3 Qf5 29. Qc8+ Kh7 30. Qc2 Kg6 31. a4 Kf6 32. Qxf5+ Kxf5 33. b4 e5 34. Kc3 Ke6 35. b5 Kd6 36. a5 f6 37. f3 Kc7 38. f4 e4 39. g4 hxg4 40.
hxg4 g6 41. Kd2 Kd6 42. Ke3 f5 43. g5 Kc7 44. Kf2 Kd6 45. Ke3 Kc7 46. Kd2 Kd6 47.
Kc3 Kc7 48. Kb4 Kd6 49. Kc3 Kc7 50. Kb3 Kd6 51. Kb4 Kc7 52. Kb3 Kd6 53. Kc3 1/2-1/2

[Event "Live Chess"]
[Site "Chess.com"]
[Date "2023.05.21"]
[Round "-"]
[White "Duke_of_Bebington"]
[Black "ChessClubLive"]
[Result "0-1"]
[WhiteElo "1559"]
[BlackElo "1621"]
[TimeControl "300"]
[EndTime "8:56:35 PDT"]
[Termination "ChessClubLive won by checkmate"]

1. e4 c5 2. c3 e6 3. d4 cxd4 4.
cxd4 Nf6 5. Nc3 Bb4 6. Bd3 Nc6 7.
Nf3 d5 8. e5 Nd7 9. O-O O-O 10.
Be3 f5 11. exf6 Nxf6 12. a3 Be7 13. Bb1 Ng4 14. Qc2 e5 15. Qxh7+ Kf7 16. Bg6+ Ke6 17. Qh3 Kf6 18. dxe5+ Ngxe5 19. Qg3 Nxf3+ 20. Qxf3+ Kxg6 21. Qg3+ Kh7 22. Rad1 Be6 23. Bd4 Bf6 24. Be3 Qb8 25. Bf4 Be5 26. Qh4+ Kg8 27. Bxe5 Qxe5 28. Rfe1 Qf6 29.
Qg3 Rae8 30. h3 Ne7 31. Ne2 Nf5 32. Qc3 Nh4 33. Qxf6 Rxf6 34. Ng3 Ref8 35. Re2 Bd7 36. Rxd5 Bc6 37. Rdd2 Nxg2 38. Ne4 Nf4 39. Re3 Bxe4 40. Rxe4 Nxh3+ 41. Kg2 Nxf2 42. Rxf2 Rxf2+ 43. Kg3 Rxb2 44. Rb4 Rxb4 45. axb4 Rc8 46. Kf3 Rc4 47. Ke3 Rxb4 48. Kd3 Rb5 49. Kc3 a5 50. Kc4 Rb6 51. Kc5 Rc6+ 52. Kb5 g5 53. Kxa5 g4 54. Kb5 g3 55.
Ka5 g2 56. Kb5 g1=Q 57. Ka5 Qa1+ 58. Kb5 Qb1+ 59. Ka5 Rc2 60. Ka4 Ra2# 0-1

[Event "Live Chess"]
[Site "Chess.com"]
[Date "2023.05.21"]
[Round "-"]
[White "luckywookie"]
[Black "OleksiyJr1"]
[Result "1-0"]
[WhiteElo "838"]
[BlackElo "1025"]
[TimeControl "300"]
[EndTime "8:56:56 PDT"]
[Termination "luckywookie won by checkmate"]

1. e4 c5 2. c3 Nc6 3. d4 d6 4. Nf3 cxd4 5. cxd4 e5 6. d5 Nce7 7. Bc4 Nf6 8. Nc3 Ng6 9. Bg5 Bg4 10. Bb5+ Ke7 11. h3 Bxf3 12. Qxf3 Qa5 13. Qf5 a6 14.
Qd7# 1-0

[Event "Live Chess"]
[Site "Chess.com"]
[Date "2023.05.21"]
[Round "-"]
[White "ranvir123"]
[Black "Bob2pen"]
[Result "0-1"]
[WhiteElo "985"]
[BlackElo "1877"]
[TimeControl "300"]
[EndTime "8:57:03 PDT"]
[Termination "Bob2pen won by resignation"]

1. e4 e6 2. d4 d5 3. e5 c5 4. Nf3 Nc6 5. Bb5 Bd7 6. Nc3 cxd4 7.
Nxd4 Nxe5 8. O-O Nf6 9. Bg5 Be7 10. f4 Nc6 11. Nxc6 Bxc6 12. Re1 O-O 13. Bxf6 Bxf6 14. Qg4 Qb6+ 15. Kf1 Bxb5+ 16. Nxb5 Qxb5+ 17. Kg1 Qxb2 0-1

[Event "Live Chess"]
[Site "Chess.com"]
[Date "2023.05.21"]
[Round "-"]
[White "TheSmoulderingMaster"]
[Black "NatashaRegan"]
[Result "1-0"]
[WhiteElo "1684"]
[BlackElo "1695"]
[TimeControl "300"]
[EndTime "8:57:06 PDT"]
[Termination "TheSmoulderingMaster won on time"]

1. e4 Nf6 2. e5 Nd5 3. d4 d6 4. c4 Nb6 5. f4 dxe5 6. fxe5 Bf5 7. Nc3 e6 8. Nf3 Bg4 9. Be3 Nc6 10. b3 Bb4 11.
Rc1 O-O 12. Be2 Bxf3 13. Bxf3 f6 14. exf6 Qxf6 15. O-O Rad8 16. Qc2 Nxd4 17. Bxd4 Qxd4+ 18. Kh1 Bxc3 19. Qxc3 Qxc3 20. Rxc3 c6 21. h3 Rd2 22. a4 a5 23. Re3 Rf6 24. Rfe1 Kf7 25. Bg4 Rff2 26.
Bxe6+ Kf6 27. Rg3 Rde2 28. Rxe2 Rxe2 29. Bg4 Re1+ 30. Kh2 Na8 31. Rd3 Nc7 32. Rd7 Re7 33.
Rd8 Ne6 34. Rd1 Nf4 35. Rf1 Kg5 36. Rd1 Re3 37. Rd7 Kf6 38. Rxb7 h5 39. Bf3 h4 40.
Rb6 Ke5 41. Rxc6 Kd4 42. Rc7 Nd3 43. Rd7+ Kc3 44. Rxg7 Ne1 45. c5 Nxf3+ 46. gxf3 Rxf3 47. c6 Kxb3 48. Rg5 Rc3 49. Rxa5 Rxc6 50. Rh5 Rc2+ 51. Kg1 Rc4 52. a5 Ra4 53. Kf2 Kc3 54. Ke2 Ra2+ 55. Ke3 Ra4 56. Rc5+ Kb4 57. Rh5 Rxa5 58. Rxh4+ Kb3 59.
Kf3 Rf5+ 60. Kg4 Rf7 61. Rh8 Kc3 62. h4 Rg7+ 63. Kf5 Kd4 64. h5 Rf7+ 65. Kg6 Ra7 66. h6 Ke5 67. Re8+ Kd6 68. h7 Ra6 69. h8=Q 1-0

[Event "Live Chess"]
[Site "Chess.com"]
[Date "2023.05.21"]
[Round "-"]
[White "Doge_Dandolo"]
[Black "GMHarry-youtube"]
[Result "1-0"]
[WhiteElo "1867"]
[BlackElo "1985"]
[TimeControl "300"]
[EndTime "8:57:14 PDT"]
[Termination "Doge_Dandolo won by checkmate"]

1. Nf3 e5 2. Nxe5 Nc6 3. d4 Nf6 4. Bf4 d5 5. e3 Bd6 6. Bb5 Bd7 7. Nxc6 bxc6 8. Bd3 Bxf4 9. exf4 O-O 10. O-O c5 11. c3 cxd4 12. cxd4 c6 13. Nd2 Qc7 14. g3 Rae8 15.
Nf3 Re7 16. Ne5 Rfe8 17. Qc2 Bh3 18. Rfe1 Nd7 19. Bxh7+ Kh8 20. Bf5 Nxe5 21. fxe5 Bxf5 22. Qxf5 g6 23. Qf4 Kg7 24. Rac1 Re6 25. Re3 Rh8 26. Rec3 Rh5 27. Qf3 Qc8 28. b4 Qh8 29. Qg2 Qe8 30. a4 a6 31. Rc5 Qb8 32. Rb1 Rh8 33. f4 Qb6 34. Qc2 Rb8 35. Qc3 f6 36. b5 a5 37.
Kg2 fxe5 38. fxe5 Rb7 39. Rb3 Rb8 40. Qc2 Rb7 41. Rbc3 cxb5 42. Rxb5 Qxd4 43. Rxb7+ Kh6 44. Qc1+ g5 45. h4 Rxe5 46. Rc6+ Kh5 47. Rh7+ Kg4 48. Rc2 Qe4+ 49. Kh2 Qxh7 50. Qd1+ Kf5 51. Qd3+ Re4 52.
Qxd5+ Kg4 53. Qd1+ Kf5 54. Rc5+ Ke6 55. Qd5+ Kf6 56. Rc6+ Kg7 57. Rc7+ Kh8 58. Rxh7+ Kxh7 59. Qxe4+ Kh6 60. hxg5+ Kh5 61. Qh4+ Kg6 62. Qh6+ Kf5 63. Qf6+ Kg4 64. g6 Kh5 65. g7 Kg4 66. g8=Q+ Kh5 67.
Qfh8# 1-0

[Event "Live Chess"]
[Site "Chess.com"]
[Date "2023.05.21"]
[Round "-"]
[White "LL220284LL"]
[Black "Ian-Morley"]
[Result "0-1"]
[WhiteElo "2226"]
[BlackElo "1122"]
[TimeControl "300"]
[EndTime "8:57:24 PDT"]
[Termination "Ian-Morley won by checkmate"]

1. e4 e5 2. Nf3 Nc6 3. Bc4 Nf6 4. Ng5 d5 5. exd5 Na5 6. d3 h6 7. Nf3 e4 8. Qe2 Nxc4 9. dxc4 Be7 10. Nd4 c6 11. h3 cxd5 12. cxd5 Qxd5 13. Nb3 Bb4+ 14. c3 Bd6 15. Be3 Qd3 16. N1d2 Qxe2+ 17. Kxe2 b6 18. Nc4 Ba6 19. Nd2 Rc8 20. b3 Nd5 21.
Rac1 Nxe3 22. Kxe3 Bc5+ 23. Kxe4 O-O 24. Ne3 Rfe8+ 25.
Kf3 Bb7+ 26. Kg3 Bxe3 27. fxe3 Rxe3+ 28. Kf2 Rce8 29. Nc4 Re2+ 30. Kg3 Rxg2+ 31. Kf4 Re4+ 32. Kf5 g6+ 33. Kf6 Rf2# 0-1

[Event "Live Chess"]
[Site "Chess.com"]
[Date "2023.05.21"]
[Round "-"]
[White "JanMur7"]
[Black "Shparii"]
[Result "1-0"]
[WhiteElo "1952"]
[BlackElo "1456"]
[TimeControl "300"]
[EndTime "8:57:32 PDT"]
[Termination "JanMur7 won by resignation"]

1. e4 e6 2. d4 d5 3. exd5 exd5 4. Bd3 Nf6 5. Ne2 Bg4 6. h3 Bh5 7. O-O Bd6 8. c3 O-O 9. Qc2 Re8 10. Nf4 Bg6 11.
Nxg6 fxg6 12. Bg5 c6 13. Nd2 Nbd7 14. Rfe1 Qc7 15. Nf3 Bf4 16. Bxf4 Qxf4 17. Rxe8+ Rxe8 18. Re1 Rxe1+ 19. Nxe1 Ne4 20. Bxe4 dxe4 21. Qb3+ Kf8 22. Qxb7 e3 23. fxe3 Qxe3+ 24. Kf1 Nf6 25. Qa8+ Ke7 26. Qxa7+ Ke6 27. Qc5 Qf4+ 28. Nf3 Ne4 29. Qxc6+ Ke7 30. Qb7+ Ke6 31. Qa6+ Ke7 32. Qb7+ Ke6 33. Qxe4+ Qxe4 34. Ng5+ Kf5 35. Nxe4 Kxe4 36. a4 1-0

[Event "Live Chess"]
[Site "Chess.com"]
[Date "2023.05.21"]
[Round "-"]
[White "jimwad"]
[Black "defenderalist"]
[Result "0-1"]
[WhiteElo "1220"]
[BlackElo "1628"]
[TimeControl "300"]
[EndTime "8:57:33 PDT"]
[Termination "defenderalist won by resignation"]

1. c4 Nf6 2. g3 e6 3. Bg2 Nc6 4. Nc3 g6 5. e3 Bg7 6. d3 O-O 7.
Nge2 d5 8. cxd5 exd5 9. d4 Ne7 10. O-O c6 11. b3 Bg4 12. Ba3 Re8 13. Qc2 Qd7 14.
Nf4 Nh5 15. Nxh5 Bxh5 16. Ne2 Bg4 17. Nf4 g5 18. h3 gxf4 19. h4 0-1

[Event "Live Chess"]
[Site "Chess.com"]
[Date "2023.05.21"]
[Round "-"]
[White "alanmike75"]
[Black "Alfiedog12"]
[Result "1-0"]
[WhiteElo "1600"]
[BlackElo "867"]
[TimeControl "300"]
[EndTime "8:57:37 PDT"]
[Termination "alanmike75 won on time"]

1. e4 c6 2. Nf3 d5 3. exd5 cxd5 4. Ne5 Nf6 5. d4 Bf5 6. Bd3 e6 7. Bxf5 exf5 8. O-O Bd6 9. Re1 O-O 10. Nd2 Re8 11.
Ndf3 Bxe5 12. Nxe5 Ne4 13. f3 Nd6 14. c3 Nd7 15.
Nd3 Rxe1+ 16. Qxe1 Nf6 17. Bg5 Nde8 18. Qe5 h6 19. Bh4 Qb6 20. Bf2 Nd6 21. b3 Rc8 22. Nc5 Re8 23. Qf4 Nh5 24. Qd2 f6 25. Re1 Rxe1+ 26.
Qxe1 Qc7 27. Qe6+ Kh7 28. Qxd5 Nf7 29. Qxf5+ g6 30. Qd3 Qf4 31. Be3 Qd6 32. Ne4 Qe6 33. g4 Ng7 34. Ng3 Qd5 35. Qe4 Qa5 36. Qe7 Ng5 37. Bxg5 fxg5 38. Ne4 Qxa2 39. Qxb7 Qb1+ 40. Kg2 Qc2+ 41. Kg3 Qc1 42. Nf6+ Kh8 43. Qc8+ 1-0

[Event "Live Chess"]
[Site "Chess.com"]
[Date "2023.05.21"]
[Round "-"]
[White "djw60"]
[Black "gmnorfolk"]
[Result "0-1"]
[WhiteElo "2141"]
[BlackElo "2131"]
[TimeControl "300"]
[EndTime "8:57:45 PDT"]
[Termination "gmnorfolk won on time"]

1. g3 c5 2. Bg2 g6 3. c4 Bg7 4. Nc3 Nc6 5. e3 e5 6. Nge2 Nge7 7. O-O O-O 8. d3 d6 9. a3 Rb8 10. b4 cxb4 11. axb4 Nxb4 12. Rxa7 d5 13. Ba3 Nbc6 14. Bxe7 Nxe7 15. Nxd5 Nxd5 16. Bxd5 b5 17. Qb3 Bh3 18. Rfa1 bxc4 19. Qxc4 Qb6 20. Bxf7+ Kh8 21. Qc7 Qf6 22. f4 Rb2 23. Re1 Rxe2 24. Rxe2 Rc8 25. Qe7 Rc1+ 26. Re1 Rxe1+ 27. Kf2 Rf1+ 28. Ke2 Qxe7 29.
Rxe7 Bf6 30. Re8+ Kg7 31. Be6 Rh1 32. fxe5 Rxh2+ 33. Kf3 Bxe6 34. Rxe6 Bg5 35. d4 Rd2 36. Rd6 h5 37. Rd7+ Kf8 38. e6 Rd3 39. d5 Rxe3+ 40. Kf2 Re5 41. Rf7+ Ke8 42. Rd7 Be7 43. Kf3 g5 44. d6 Rxe6 45. dxe7 Rxe7 46. Rd5 Rg7 47. Ke4 Kf7 48. Kf5 Kg8 49. Rd8+ Kh7 50. Rd6 h4 51.
gxh4 g4 52. Rd2 g3 0-1

[Event "Live Chess"]
[Site "Chess.com"]
[Date "2023.05.21"]
[Round "-"]
[White "BillythekidFellowes"]
[Black "peter-785"]
[Result "1-0"]
[WhiteElo "2120"]
[BlackElo "1159"]
[TimeControl "300"]
[EndTime "8:57:45 PDT"]
[Termination "BillythekidFellowes won by resignation"]

1. e4 c5 2. Nf3 d6 3. d4 cxd4 4. Qxd4 Nc6 5. Bb5 Bd7 6. Bxc6 Bxc6 7. Nc3 Qb6 8. Be3 Qxd4 9. Nxd4 e6 10. O-O-O Nf6 11.
Ndb5 Bxb5 12. Nxb5 Kd8 13. Bxa7 Nxe4 14. Bb6+ Kc8 15. f3 Nc5 16. Nxd6+ Bxd6 17. Rxd6 Na6 18. Rhd1 Nc7 19. R1d4 Nd5 20. Rc4+ Kb8 21. Rc5 Nxb6 22. Rxb6 Rxa2 23. Rcb5 Ra1+ 24. Kd2 Rd8+ 25. Kc3 Ra7 26. Rb4 Rc8+ 27. Kb3 Rd8 28. Rh4 h6 29. Rg4 Rg8 30. h4 Ra6 31. Rxa6 bxa6 32. h5 f5 33. Rg6 e5 34. Kc4 Kb7 35. Kd5 a5 36. Kxe5 f4 37. Kxf4 Rf8+ 38. Ke5 Rf7 39. Ke6 Rc7 40. c3 Rc6+ 41.
Kf7 Rxg6 42. hxg6 h5 43. Kxg7 Kc7 44. Kh6 1-0

[Event "Live Chess"]
[Site "Chess.com"]
[Date "2023.05.21"]
[Round "-"]
[White "Tiltador"]
[Black "FlyingChessKestrel13"]
[Result "0-1"]
[WhiteElo "934"]
[BlackElo "2084"]
[TimeControl "300"]
[EndTime "8:57:50 PDT"]
[Termination "FlyingChessKestrel13 won by checkmate"]

1. d4 d5 2. e3 Nf6 3. c3 c6 4.
Be2 Bf5 5. Nf3 e6 6. O-O Bd6 7. Ne5 Nbd7 8. f4 Ne4 9. Nd2 f6 10. Nxd7 Qxd7 11. Nxe4 Bxe4 12. Bf3 O-O 13. Bxe4 dxe4 14.
Bd2 f5 15. Qe2 c5 16. a3 cxd4 17. cxd4 Rac8 18. b4 Rc2 19. Rfd1 Rfc8 20. a4 Bxb4 21. Qb5 Qxb5 22. axb5 Bxd2 23. Rxa7 Bxe3+ 24. Kh1 Rc1 25. h3 Rxd1+ 26. Kh2 Bxf4+ 27. g3 Rc2# 0-1

[Event "Live Chess"]
[Site "Chess.com"]
[Date "2023.05.21"]
[Round "-"]
[White "OleksiyJr1"]
[Black "LanceMaster23"]
[Result "0-1"]
[WhiteElo "1025"]
[BlackElo "1958"]
[TimeControl "300"]
[EndTime "8:57:51 PDT"]
[Termination "LanceMaster23 won by resignation"]

1. e4 c5 2. Nf3 Nc6 3. Bb5 Qc7 4. Bxc6 dxc6 5. Nc3 Bg4 6. d4 cxd4 7. h3 Bxf3 8.
Qxf3 dxc3 9. Qxf7+ Kxf7 10. Bf4 Qxf4 11. g3 Qxe4+ 0-1

[Event "Live Chess"]
[Site "Chess.com"]
[Date "2023.05.21"]
[Round "-"]
[White "RichardABates"]
[Black "Ed_Knox"]
[Result "1-0"]
[WhiteElo "2190"]
[BlackElo "1473"]
[TimeControl "300"]
[EndTime "8:58:03 PDT"]
[Termination "RichardABates won by checkmate"]

1. d4 g6 2. e4 Bg7 3. Nc3 d6 4. Be3 a6 5. Qd2 b5 6. f3 Nd7 7. h4 h6 8. h5 g5 9. a4 b4 10. Nce2 a5 11. Ng3 e6 12. Bb5 c6 13. Bxc6 Ra6 14. Bb5 Rb6 15. N1e2 Ba6 16.
Qd3 Bxb5 17. axb5 Qa8 18. c4 Ngf6 19. c5 dxc5 20. dxc5 Ne5 21. Qd4 Nfd7 22. cxb6 Nxf3+ 23. gxf3 Bxd4 24. Bxd4 O-O 25. Kf2 e5 26. Be3 a4 27.
Nf5 Kh7 28. Rhd1 Nf6 29. Rd6 Nxe4+ 30. fxe4 f6 31. Rd7+ Kh8 32. b7 Qb8 33. Rxa4 Rd8 34.
Rxd8+ Qxd8 35. Ra8 Qxa8 36. bxa8=Q+ Kh7 37. Qb7+ Kg8 38. Qg7# 1-0

[Event "Live Chess"]
[Site "Chess.com"]
[Date "2023.05.21"]
[Round "-"]
[White "Biranidun"]
[Black "Ferrarifan27"]
[Result "1-0"]
[WhiteElo "2526"]
[BlackElo "2050"]
[TimeControl "300"]
[EndTime "8:58:08 PDT"]
[Termination "Biranidun won by resignation"]

1. e4 e5 2. Nf3 Nc6 3. Bc4 Bc5 4.
c3 Nf6 5. d4 exd4 6. b4 Bd6 7.
O-O O-O 8. Re1 Ng4 9. cxd4 Bxb4 10. Re2 d6 11. Bg5 Qe8 12. h3 Nf6 13. Bxf6 gxf6 14.
Qb3 Ba5 15. Nc3 Bb6 16. Nd5 Na5 17. Nxf6+ Kg7 18. Nxe8+ 1-0

[Event "Live Chess"]
[Site "Chess.com"]
[Date "2023.05.21"]
[Round "-"]
[White "1600x"]
[Black "ConorMaclaud"]
[Result "1-0"]
[WhiteElo "1948"]
[BlackElo "2105"]
[TimeControl "300"]
[EndTime "8:58:13 PDT"]
[Termination "1600x won by resignation"]

1. e4 c6 2. Nf3 d5 3. Bd3 dxe4 4. Bxe4 Nf6 5. d3 Bg4 6. h4 e6 7. O-O Bd6 8. Nbd2 Bc7 9. Nc4 Nxe4 10. dxe4 Qf6 11.
Bg5 Bxf3 12. gxf3 Qg6 13. Kh1 O-O 14. Be7 Qh5 15. f4 Qxd1 16. Raxd1 Re8 17. Bd6 Bd8 18. h5 Na6 19. Kg2 Nc7 20. Be5 Na6 21. h6 f6 22.
Nd6 Re7 23. Bc3 gxh6 24. Rh1 Rg7+ 25. Kf3 Bb6 26. Rxh6 Rg6 27. Rxg6+ hxg6 28. Bxf6 Bc5 29. Nxb7 Rb8 30. Nd8 Bb6 31. Nxc6 Rc8 32. Ne7+ 1-0

[Event "Live Chess"]
[Site "Chess.com"]
[Date "2023.05.21"]
[Round "-"]
[White "PiotrD11"]
[Black "zdanevych"]
[Result "1-0"]
[WhiteElo "1389"]
[BlackElo "1459"]
[TimeControl "300"]
[EndTime "8:58:21 PDT"]
[Termination "PiotrD11 won by resignation"]

1. e4 d5 2. exd5 c6 3. dxc6 Nxc6 4. Nc3 a6 5. d3 e6 6. Be2 Nf6 7. Nf3 h6 8. O-O Bd6 9. Be3 b5 10. a3 Bb7 11. h3 O-O 12. Qd2 Kh7 13. Rad1 Rc8 14.
Rfe1 Bb8 15. Bf4 Bxf4 16. Qxf4 Nd5 17. Nxd5 Qxd5 18. c4 bxc4 19. dxc4 Qf5 20. Bd3 Qxd3 21. Rxd3 1-0

[Event "Live Chess"]
[Site "Chess.com"]
[Date "2023.05.21"]
[Round "-"]
[White "youtookmyhorse"]
[Black "slava_ukr"]
[Result "0-1"]
[WhiteElo "784"]
[BlackElo "2347"]
[TimeControl "300"]
[EndTime "8:58:40 PDT"]
[Termination "slava_ukr won by checkmate"]

1. e4 e5 2. Nc3 Nf6 3. f4 d5 4. exd5 exf4 5. Nf3 Nxd5 6. d3 Nxc3 7. bxc3 Bd6 8. Be2 O-O 9. O-O Nc6 10. Bd2 h6 11.
Qc1 g5 12. Nd4 Bc5 13. Kh1 Nxd4 14. cxd4 Bxd4 15. Rb1 Be6 16. Bxf4 gxf4 17. Qxf4 Bg7 18. Rxb7 Qd6 19. Qxd6 cxd6 20. a4 a5 21. Rb5 Bd7 22. Rh5 Bxa4 23. c4 Bb3 24. h3 a4 25.
Bd1 Bxd1 26. Rxd1 a3 27. Ra1 Bxa1 28. Rh4 a2 29. Rxh6 Bg7 30. Rh4 a1=Q+ 31. Kh2 Be5+ 32. g3 Ra2# 0-1

[Event "Live Chess"]
[Site "Chess.com"]
[Date "2023.05.21"]
[Round "-"]
[White "viktorskliarov"]
[Black "domrobson"]
[Result "1-0"]
[WhiteElo "2628"]
[BlackElo "1805"]
[TimeControl "300"]
[EndTime "8:58:49 PDT"]
[Termination "viktorskliarov won by resignation"]

1. e4 e5 2. Nc3 Nf6 3. f4 d5 4.
fxe5 Nxe4 5. Qf3 Nc6 6. Nxe4 Nd4 7. Qc3 dxe4 8. Ne2 c5 9. Ng3 Be7 10. a4 O-O 11. Bc4 Bh4 12. O-O Bxg3 13. hxg3 Be6 14. b3 Bxc4 15. Qxc4 Qb6 16. Ba3 Rac8 17. Rae1 Qg6 18.
Qc3 Nf3+ 19. Rxf3 exf3 20. Qxf3 Qxc2 21. Qxb7 Qxd2 22. Re4 Qa2 23. Bc1 Qb1 24. Re1 c4 25.
e6 fxe6 26. Kh2 Qxb3 27. Qxa7 Qc3 28. Rd1 Qc2 29. Rd7 Qg6 30. Bf4 Rf7 31. Qb7 Re8 32. Rxf7 Qxf7 33. Qc6 e5 34. Be3 Qe6 35. Qc5 Rc8 36. Qb5 c3 37. a5 c2 38. Bc1 e4 39. a6 e3 40. a7 e2 41. Qb8 e1=Q 42. a8=Q Qh6+ 43. Bxh6 c1=Q 44. Bxc1 Rxb8 45. Qxb8+ Kf7 46.
Qc7+ Qe7 47. Qxe7+ Kxe7 48. Bb2 Kf7 49. Kh3 Kg6 50.
Kg4 Kh6 51. Kf4 Kg6 52. g4 Kh6 53. g5+ Kg6 54. g4 Kf7 55. Kf5 g6+ 56. Ke5 Ke7 57.
Ba3+ Kf7 58. Kd6 Kg7 59. Ke6 h6 60. Bb2+ Kh7 61. gxh6 Kxh6 62. Kf6 Kh7 63. g5 Kg8 64.
Kxg6 Kf8 65. Kf6 Ke8 66. g6 Kd7 67. g7 Kc6 68. g8=Q Kb5 69. Qe6 1-0

[Event "Live Chess"]
[Site "Chess.com"]
[Date "2023.05.21"]
[Round "-"]
[White "LiamClery2020"]
[Black "seabuck"]
[Result "1/2-1/2"]
[WhiteElo "1994"]
[BlackElo "1896"]
[TimeControl "300"]
[EndTime "8:58:49 PDT"]
[Termination "Game drawn by agreement"]

1. e4 e6 2. c3 d5 3. e5 c5 4. Nf3 Nc6 5. d4 Bd7 6. Bd3 Rc8 7. Bf4 cxd4 8. cxd4 Nb4 9. Nc3 Nxd3+ 10. Qxd3 Ne7 11.
O-O Qb6 12. b3 Nf5 13. Rac1 Qa5 14. a4 Bb4 15. Nb5 O-O 16. Bd2 Bxb5 17. axb5 Bxd2 18. Nxd2 Qb4 19. Nf3 h6 20. g4 Ne7 21. g5 1/2-1/2

[Event "Live Chess"]
[Site "Chess.com"]
[Date "2023.05.21"]
[Round "-"]
[White "ProfPoisson"]
[Black "JoshMcK"]
[Result "0-1"]
[WhiteElo "1212"]
[BlackElo "1561"]
[TimeControl "300"]
[EndTime "8:59:00 PDT"]
[Termination "JoshMcK won by resignation"]

1. e4 c6 2. d4 d5 3. exd5 cxd5 4. c4 Nf6 5. Nc3 dxc4 6. Bxc4 Nc6 7. Nf3 Bg4 8. Qb3 e6 9. Bg5 Bxf3 10. gxf3 Nxd4 11.
Qa4+ Qd7 12. Bb5 Nxb5 13. Nxb5 a6 14. Rd1 Qxb5 15. Qxb5+ axb5 16. O-O Be7 17. Rfe1 O-O 18. Bxf6 Bxf6 19. Rd7 Rxa2 20. Rxb7 Rxb2 21. Kg2 Bd4 0-1

[Event "Live Chess"]
[Site "Chess.com"]
[Date "2023.05.21"]
[Round "-"]
[White "PiotrD11"]
[Black "1600x"]
[Result "1-0"]
[WhiteElo "1412"]
[BlackElo "1933"]
[TimeControl "300"]
[EndTime "8:59:01 PDT"]
[Termination "PiotrD11 won by resignation"]

1. e4 e6 2. d4 Nf6 3. e5 d6 4.
exf6 gxf6 5. Nf3 f5 6. Be2 Qe7 7. O-O Bh6 8. Bxh6 c6 9. c3 d5 10. Ne5 Qd7 11. Nxd7 Bxd7 1-0

[Event "Live Chess"]
[Site "Chess.com"]
[Date "2023.05.21"]
[Round "-"]
[White "garyjc"]
[Black "whatnot126"]
[Result "0-1"]
[WhiteElo "1079"]
[BlackElo "2068"]
[TimeControl "300"]
[EndTime "8:59:02 PDT"]
[Termination "whatnot126 won by resignation"]

1. e4 d6 2. d4 Nf6 3. Nc3 g6 4.
f4 Bg7 5. Nf3 O-O 6. Be2 c5 7.
dxc5 Qa5 8. Bd2 Qxc5 9. Bd3 Na6 10. f5 e6 11. fxg6 fxg6 12. Ng5 h6 13. Nf3 d5 14. Ne5 dxe4 15. Nxe4 Nxe4 16. Qe2 Nxd2 17. Qxd2 Qxe5+ 18. Be2 Qxb2 19. Rd1 Bc3 20. Qxc3 Qxc3+ 0-1